AoeStats
← 養成計畫

Arena

509926650Analyzed
2v2 RM · 3d ago on Sep 28, 2026· 52m 40s· 4 players
Game mode
Random Map
Map size
Medium (4 player)
Population
200
Speed
Normal
Resources
Standard
Victory
Conquest
Starting age
Dark Age
Ending age
Imperial Age
RankedLock teamsTeams togetherTeam positionsShared explorationLock speedFull tech treeHidden civsTurbo modeCheats
Victory
Defeat
🇦🇷 Bulgarians · Argentina
1044
+20
🇦🇷 Poles · Argentina
1044
+20
🇫🇷 Britons · France
1138
-20
🇫🇷 Byzantines · France
1124
-20
Lannister
10:01 Feudal Age
14:30 Castle Age
13:23 Double-Bit Axe
15:58 Bow Saw
18:04 Horse Collar
18:55 Loom
19:46 Wheelbarrow
20:45 Heavy Plow
23:58 Gold Mining
24:27 Forging
24:18 Scale Mail Armor
24:23 Scale Barding Armor
24:21 Squires
24:07 Arson
24:30 Stone Mining
25:24 Iron Casting
25:51 Bloodlines
25:42 Husbandry
25:02 Light Cavalry
26:38 Hand Cart
28:11 Stone Shaft Mining
30:40 Imperial Age
29:20 Chain Mail Armor
31:52 Plate Mail Armor
32:23 Blast Furnace
30:45 Elite Obuch
31:55 Conscription
32:58 Chain Barding Armor
33:50 Lechitic Legacy
35:16 Hoardings
34:05 Winged Hussar
35:19 Pikeman
36:49 Fletching
36:59 Padded Archer Armor
52:52 Chemistry
52:13 Ballistics
養成計畫
6:49 Loom
10:54 Feudal Age
14:37 Castle Age
12:50 Double-Bit Axe
17:57 Scale Mail Armor
27:48 Bow Saw
27:23 Horse Collar
29:05 Heavy Plow
31:26 Gold Mining
32:49 Gold Shaft Mining
32:08 Stone Mining
34:44 Stone Shaft Mining
36:44 Wheelbarrow
36:54 Ballistics
36:42 Murder Holes
36:58 Masonry
39:22 Imperial Age
36:59 Fletching
37:12 Padded Archer Armor
39:07 Hand Cart
38:44 Town Watch
40:20 Elite Skirmisher
41:06 Thumb Ring
41:59 Leather Archer Armor
41:39 Bodkin Arrow
42:20 Ballistics
43:02 Chemistry
42:43 Gambesons
42:59 Squires
43:45 Siege Engineers
47:53 Bracer
49:29 Bagains
49:50 Conscription
49:23 Capped Ram
51:00 Forging
51:06 Chain Mail Armor
50:57 Siege Ram
Khan-O-pi
9:45 Loom
11:31 Feudal Age
16:26 Castle Age
14:24 Stone Mining
14:28 Double-Bit Axe
15:00 Horse Collar
22:09 Bow Saw
26:11 Forging
26:13 Squires
27:31 Arson
27:49 Scale Mail Armor
28:55 Wheelbarrow
28:24 Heavy Plow
29:35 Iron Casting
33:20 Imperial Age
31:16 Husbandry
31:40 Gold Mining
32:42 Hand Cart
33:16 Gold Shaft Mining
32:42 Gambesons
33:06 Fletching
34:05 Chain Mail Armor
35:55 Plate Mail Armor
36:06 Bodkin Arrow
37:20 Two-Man Saw
36:56 Conscription
37:25 Bracer
37:03 Elite Varangian Guard
39:42 Bracer
45:43 Padded Archer Armor
46:47 Ballistics
45:53 Crossbowman
47:10 Thumb Ring
47:49 Arbalester
48:52 Leather Archer Armor
50:09 Ring Archer Armor
52:24 Chemistry
Yop
10:24 Feudal Age
14:37 Castle Age
12:29 Double-Bit Axe
12:28 Horse Collar
17:52 Bow Saw
17:44 Heavy Plow
18:05 Husbandry
26:29 Fletching
27:38 Crossbowman
28:35 Bodkin Arrow
29:53 Wheelbarrow
30:11 Gold Mining
36:23 Imperial Age
34:11 Hand Cart
34:52 Gold Shaft Mining
35:40 Loom
36:07 Padded Archer Armor
37:23 Ballistics
38:06 Chemistry
36:29 Arbalester
37:11 Bracer
37:27 Leather Archer Armor
38:45 Two-Man Saw
38:49 Conscription
39:30 Elite Skirmisher
42:37 Light Cavalry
43:29 Forging
43:24 Scale Barding Armor
43:50 Ring Archer Armor
Connection lost

Rejoining the realm…

Still unreachable

The connection could not be restored.

Session expired

The server has moved on; the page needs a fresh start.